 Dungeon Sprint DCSS version 0.19.0-2-gae57169 (webtiles) character file.

16330 Groucho the Grappler (level 12, -3/132 HPs)
             Began as a Troll Monk on Nov 4, 2016.
             Was the Champion of Qazlal.
             Slain by a stone giant (24 damage)
             ... in the Dungeon (Sprint IX: "|||||||||||||||||||||||||||||").
             The game lasted 00:10:45 (3688 turns).

Groucho the Grappler (Troll Monk)                   Turns: 3688, Time: 00:10:45

Health: -3/132     AC: 21    Str: 27    XL:     12   Next: 9%
Magic:  5/21       EV: 14    Int:  6    God:    Qazlal [******]
Gold:   1509       SH:  8    Dex: 14    Spells: 0 memorised, 24 levels left

rFire  . . .     SeeInvis .       - Unarmed
rCold  + + .     Gourm    +     x - +1 ice dragon scales
rNeg   . . .     Faith    .     (no shield)
rPois  .         Spirit   .     s - +1 hat
rElec  .         Reflect  .     r - +0 cloak
rCorr  .         Harm     .     (gloves unavailable)
MR     .....     NoTele   +     (boots unavailable)
Stlth  ..........               (no amulet)
                                v - ring of protection from fire
                                l - +3 ring of strength

@: protected from physical damage, repel missiles
A: unfitting armour, claws 3, fast metabolism 3, gourmand, regeneration 1,
shaggy fur 1, tough skin 2
a: Upheaval, Elemental Force, Disaster Area, Renounce Religion


You were in the Dungeon.
You worshipped Qazlal.
Qazlal was exalted by your worship.
You were full.

You visited 1 branch You collected 1900 gold pieces.
You spent 391 gold pieces at shops.

Inventory:

Armour
 a - a +0 robe
 r - a +0 cloak (worn)
 s - a +1 hat (worn)
 w - +1 fire dragon scales
 x - +1 ice dragon scales (worn)
Jewellery
 l - a +3 ring of strength (left claw)
 m - a +3 ring of intelligence
 t - an uncursed ring of see invisible
 u - an uncursed ring of poison resistance
 v - a ring of protection from fire (right claw)
Wands
 k - a wand of lightning (6/15)
Scrolls
 b - 3 scrolls of enchant armour
 e - 4 scrolls of enchant weapon
 h - 2 scrolls of blinking
 i - 6 scrolls of remove curse
 j - 2 scrolls of amnesia
 n - 5 scrolls of identify
 y - 2 scrolls of recharging
 A - a scroll of fear
Potions
 c - 8 potions of curing
 f - 2 potions of magic
 g - 3 potions of berserk rage
 z - 2 potions of cure mutation
Comestibles
 o - 39 fruits
 p - 12 bread rations
 q - 10 meat rations


   Skills:
 * Level 12.0 Fighting
 + Level 8.1 Armour
 * Level 12.1 Dodging
 - Level 1.0 Stealth
 * Level 14.4 Unarmed Combat
 + Level 6.7 Spellcasting
 * Level 12.4 Invocations


You had 24 spell levels left.
You didn't know any spells.

Dungeon Overview and Level Annotations

Branches:
Dungeon (1/1)

Altars:
Cheibriados
Dithmenos
Elyvilon
Fedhas
Gozag
Hepliaklqana
Kikubaaqudgha
Makhleb
Nemelex Xobeh
Okawaru
Qazlal
Ru
Sif Muna
Trog
Uskayaw
Vehumet
Xom
Yredelemnul
Zin
The Shining One
Beogh
Jiyva
Lugonu

Shops:
D ?}[(


Innate Abilities, Weirdness & Mutations

You are too large for most types of armour.
You have claws for hands.
Your metabolism is lightning-fast.
You like to eat raw meat.
Your natural rate of healing is unusually fast.
You are covered in fur. (AC +1)
You have very tough skin. (AC +2)


Message History

The stone giant closely misses you.
Unknown command.
You mangle the stone giant!!
The stone giant is heavily wounded.
You block the stone giant's attack.
You feel much better.
The stone giant hits you but does no damage.
You fail to use your ability.
The stone giant hits you!
* * * LOW HITPOINT WARNING * * *
Unknown command.
Aiming: Upheaval
Press: ? - help, Dir - move target cursor, f - stone giant
Aim: a stone giant A storm cloud blasts the area with cutting wind!
The cutting wind hits the stone giant.
The stone giant is moderately wounded.
The cutting wind hits the stone giant.
The stone giant is heavily wounded.
The stone giant hits you!!
You die...

▓▓▓▓▓▓▓▓▓▓▓▓▓▓▓▓▓▓▓▓▓▓▓▓▓▓▓
C.....cCCC@(...(.....[[..[[
▓▓▓▓▓▓▓▓▓▓▓▓▓▓▓▓▓▓▓▓▓▓▓▓▓▓▓▓▓▓▓▓▓
....)............................
▓▓▓▓▓▓▓▓▓▓▓▓▓▓▓▓▓▓▓▓▓▓▓▓▓▓▓▓▓▓▓▓▓
'.....∩.∩)∩)∩)..)))......))))))..
▓▓▓▓▓▓▓▓▓▓▓▓▓▓▓▓▓▓▓▓▓▓▓▓▓▓▓▓▓▓▓▓▓
.................................
▓▓▓▓▓▓▓▓▓▓▓▓▓▓▓▓▓▓▓▓▓▓▓▓▓▓▓▓▓▓▓▓▓
[[..'[)).........%.........÷.÷...


You could see 2 stone giants, an ettin and a centaur warrior.

Vanquished Creatures
  A stone giant (D)
  2 fire dragons (D)
  A hydra (D)
  A centaur warrior (D)
  An orc high priest (D)
  A tengu warrior (D)
  An unseen horror (D)
  6 orc knights (D)
  2 cyclopes (D)
  4 orc sorcerers (D)
  Joseph (D)
  A black mamba (D)
  A spiny frog (D)
  A gargoyle (D)
  2 komodo dragons (D)
  2 blink frogs (D)
  2 hippogriffs (D)
  A yak (D)
  A wraith (D)
  A wyvern (D)
  A warg (D)
  A warg (shapeshifter) (D)
  A water moccasin (D)
  A hell hound (D)
  3 porcupines (D)
  8 orc warriors (D)
  A black bear (D)
  A centaur (D)
  7 wolves (D)
  A crocodile (D)
  2 bullfrogs (D)
  A killer bee (D)
  2 crimson imps (D)
  3 orc priests (D)
  A jelly (D)
  2 orc wizards (D)
  An iguana (D)
  A worker ant (D)
  A gnoll (D)
  2 adders (D)
  2 adder zombies (D)
  14 orcs (D)
  A giant cockroach (D)
  A ball python zombie (D)
  A bat (D)
  A goblin (D)
  A rat (D)
95 creatures vanquished.

Vanquished Creatures (others)
  A water moccasin (D)
  An orc wizard (D)
2 creatures vanquished.

Grand Total: 97 creatures vanquished

Notes
Turn   | Place    | Note
-------+----------+-------------------------------------------
     0 | D        | Groucho the Troll Monk began the quest for the Orb.
     0 | D        | Reached XP level 1. HP: 22/22 MP: 0/0
    10 | D        | Reached skill level 4 in Unarmed Combat
    10 | D        | Reached skill level 1 in Spellcasting
    10 | D        | Reached XP level 2. HP: 16/29 MP: 0/2
   350 | D        | Noticed a crimson imp
   363 | D        | Reached skill level 5 in Unarmed Combat
   363 | D        | Reached XP level 3. HP: 19/37 MP: 2/4
   379 | D        | Reached skill level 6 in Unarmed Combat
   379 | D        | Reached XP level 4. HP: 22/48 MP: 2/6
   432 | D        | Found a roughly hewn altar of Beogh.
   432 | D        | Found a snail-covered altar of Cheibriados.
   432 | D        | Found a shadowy altar of Dithmenos.
   432 | D        | Found a white marble altar of Elyvilon.
   432 | D        | Found a blossoming altar of Fedhas.
   432 | D        | Found an opulent altar of Gozag.
   433 | D        | Found a hazy altar of Hepliaklqana.
   434 | D        | Found a viscous altar of Jiyva.
   435 | D        | Found an ancient bone altar of Kikubaaqudgha.
   436 | D        | Found a corrupted altar of Lugonu.
   437 | D        | Found a burning altar of Makhleb.
   438 | D        | Found a sparkling altar of Nemelex Xobeh.
   439 | D        | Found an iron altar of Okawaru.
   440 | D        | Found a stormy altar of Qazlal.
   441 | D        | Found a sacrificial altar of Ru.
   442 | D        | Found a deep blue altar of Sif Muna.
   443 | D        | Found a bloodstained altar of Trog.
   444 | D        | Found a hide-covered altar of Uskayaw.
   445 | D        | Found a radiant altar of Vehumet.
   446 | D        | Found a shimmering altar of Xom.
   447 | D        | Found a basalt altar of Yredelemnul.
   448 | D        | Became a worshipper of Qazlal Stormbringer
   448 | D        | Reached * piety under Qazlal
   448 | D        | Reached ** piety under Qazlal
   449 | D        | Found a glowing silver altar of Zin.
   450 | D        | Found a glowing golden altar of the Shining One.
   480 | D        | Noticed a gargoyle
   480 | D        | Noticed a water moccasin
   480 | D        | Noticed a hippogriff
   486 | D        | Reached skill level 1 in Invocations
   491 | D        | Killed a water moccasin
   494 | D        | Killed a hippogriff
   494 | D        | Reached skill level 5 in Fighting
   494 | D        | Reached skill level 5 in Dodging
   494 | D        | Reached skill level 7 in Unarmed Combat
   494 | D        | Reached XP level 5. HP: 42/57 MP: 6/8
   494 | D        | Reached XP level 6. HP: 48/66 MP: 6/9
   495 | D        | Reached skill level 8 in Unarmed Combat
   501 | D        | Killed a gargoyle
   501 | D        | Reached skill level 5 in Invocations
   501 | D        | Reached XP level 7. HP: 45/76 MP: 2/11
   503 | D        | Reached *** piety under Qazlal
   771 | D        | Noticed a tengu warrior
   771 | D        | Noticed a wraith
   771 | D        | Noticed a centaur warrior
   774 | D        | Reached skill level 9 in Unarmed Combat
   776 | D        | Killed a centaur warrior
   776 | D        | Reached XP level 8. HP: 57/87 MP: 3/12
   785 | D        | Reached **** piety under Qazlal
   795 | D        | Reached skill level 10 in Unarmed Combat
   805 | D        | Killed a tengu warrior
   805 | D        | Reached XP level 9. HP: 43/96 MP: 9/14
  1141 | D        | Noticed an eight-headed hydra
  1141 | D        | Noticed a spiny frog
  1145 | D        | Reached skill level 5 in Armour
  1146 | D        | Killed a spiny frog
  1147 | D        | Killed an eight-headed hydra
  1147 | D        | Reached skill level 11 in Unarmed Combat
  1157 | D        | Reached ***** piety under Qazlal
  1172 | D        | Reached XP level 10. HP: 55/107 MP: 5/16
  1487 | D        | Noticed a black mamba
  1495 | D        | Reached skill level 5 in Spellcasting
  1502 | D        | Killed a black mamba
  1511 | D        | Reached skill level 12 in Unarmed Combat
  1522 | D        | Reached skill level 10 in Dodging
  1881 | D        | Reached ****** piety under Qazlal
  1891 | D        | Reached skill level 10 in Fighting
  1906 | D        | Reached skill level 10 in Invocations
  2217 | D        | Noticed an orc sorcerer
  2217 | D        | Noticed an orc knight
  2217 | D        | Noticed an orc knight
  2221 | D        | Killed an orc sorcerer
  2225 | D        | Noticed an orc sorcerer
  2227 | D        | Killed an orc knight
  2232 | D        | Noticed an orange demon
  2232 | D        | Killed an orc knight
  2232 | D        | Reached XP level 11. HP: 82/119 MP: 2/18
  2240 | D        | Noticed an orc high priest
  2247 | D        | Killed an orc sorcerer
  2247 | D        | Reached skill level 13 in Unarmed Combat
  2250 | D        | HP: 4/119 [orc warrior/glaive (22)]
  2253 | D        | Killed an orc high priest
  2800 | D        | Found Silucy's Antique Weapon Boutique.
  2800 | D        | Noticed an orc sorcerer
  2804 | D        | Killed an orc sorcerer
  2805 | D        | Noticed an orc knight
  2813 | D        | Found Safur's Armour Shop.
  2819 | D        | Noticed an orc knight
  2819 | D        | Killed an orc knight
  2821 | D        | Found Reuq's Gadget Boutique.
  2822 | D        | Noticed an orc sorcerer
  2827 | D        | Noticed an orc knight
  2828 | D        | Killed an orc knight
  2829 | D        | Found Gohurys's Magic Scroll Shop.
  2831 | D        | Killed an orc sorcerer
  2833 | D        | Noticed an orc knight
  2843 | D        | Killed an orc knight
  2845 | D        | Killed an orc knight
  3454 | D        | Bought a +1 hat for 132 gold pieces
  3467 | D        | Bought a scroll of identify for 28 gold pieces
  3467 | D        | Bought a scroll of identify for 28 gold pieces
  3467 | D        | Bought a scroll of remove curse for 42 gold pieces
  3467 | D        | Bought a scroll of identify for 28 gold pieces
  3467 | D        | Bought a scroll of enchant armour for 105 gold pieces
  3467 | D        | Bought a scroll of identify for 28 gold pieces
  3504 | D        | Noticed Joseph
  3515 | D        | Killed Joseph
  3644 | D        | Noticed a fire dragon
  3649 | D        | Noticed a fire dragon
  3655 | D        | Noticed a stone giant
  3663 | D        | HP: 6/120 [fire dragon/blast of flame (48)]
  3666 | D        | Killed an unseen horror
  3666 | D        | Reached skill level 14 in Unarmed Combat
  3671 | D        | Killed a fire dragon
  3672 | D        | Noticed a stone giant
  3677 | D        | Noticed a stone giant
  3677 | D        | Killed a fire dragon
  3677 | D        | Reached XP level 12. HP: 50/132 MP: 7/20
  3680 | D        | Noticed an ettin
  3680 | D        | Killed a stone giant
  3683 | D        | Noticed a centaur warrior
  3688 | D        | Slain by a stone giant

Skill      XL: |  1  2  3  4  5  6  7  8  9 10 11 12 |
---------------+-------------------------------------+-----
Unarmed Combat | 4 5 6 7 8 9 10 11 12 14 | 14.4
Spellcasting   | 1 2 3 4 5 6 |  6.7
Dodging        | 3 4 5 6 7 8 9 10 12 | 12.1
Fighting       | 3 4 5 6 7 8 9 10 11 12 | 12.0
Invocations    | 3 5 6 7 9 10 12 | 12.4
Armour         | 2 3 4 5 6 8 |  8.1
Stealth        | |  1.0

Action                   |  1- 3 |  4- 6 |  7- 9 | 10-12 || total
-------------------------+-------+-------+-------+-------++-------
Melee: Unarmed           |    44 |    19 |    39 |   175 ||   277
       Punch             |       |     1 |     2 |    15 ||    18
Invok: Upheaval          |       |     1 |     8 |    12 ||    21
       Disaster Area     |       |       |       |     5 ||     5
Evoke: Wand              |       |       |     1 |       ||     1
  Use: Potion            |     1 |     1 |     3 |     6 ||    11
       Scroll            |       |       |     1 |       ||     1
 Stab: Invisible         |       |     3 |       |       ||     3
  Eat: Bread ration      |       |     1 |     1 |       ||     2
       Chunk             |       |       |       |    17 ||    17
       Fruit             |       |       |       |     1 ||     1
       Meat ration       |       |       |       |     2 ||     2
Armor: Robe              |    14 |     5 |     7 |     6 ||    32
       Ice dragon scales |       |       |       |    12 ||    12
Dodge: Dodged            |    22 |    14 |    17 |    82 ||   135
       Deflected         |       |       |     1 |     5 ||     6
Block: Other             |       |     2 |    13 |    44 ||    59
